 Dungeon Crawl Stone Soup version 0.30.1-11-g7821555f0a (webtiles) character file.

Game seed: 851665124728788382

4 KittyFluff the Trooper (level 1, 0/14 HPs)
             Began as a Gargoyle Berserker on Oct 29, 2023.
             Was a Follower of Trog.
             Slain by a quokka (4 damage)
             ... on level 1 of the Dungeon.
             The game lasted 00:00:11 (28 turns).

KittyFluff the Trooper (Gargoyle Berserker)           Turns: 28, Time: 00:00:11

Health: 0/14       AC:  4    Str: 20    XL:     1   Next: 60%
Magic:  1/1        EV: 11    Int:  7    God:    Trog [*.....]
Gold:   8          SH:  0    Dex:  9    Spells: 0/0 levels left

rFire   . . .        a - +0 mace
rCold   . . .        (no shield)
rNeg    + . .        b - +0 animal skin
rPois   ∞            (no helmet)
rElec   +            (no cloak)
rCorr   .            (no gloves)
SInv    .            (no boots)
Will    .....        (no amulet)
Stlth   +            (no ring)
HPRegen 0.22/turn    (no ring)
MPRegen 0.07/turn

%: no passive effects
@: no status effects
A: sickness immunity, AC +2, negative energy resistance 1, electricity
resistance, torment resistance 1, petrification resistance
a: Renounce Religion, Berserk


You were on level 1 of the Dungeon.
You worshipped Trog.
Trog was aware of your devotion.
You visited 1 branch of the dungeon, and saw 1 of its levels.

You collected 8 gold pieces.

Inventory:

Hand Weapons
 a - a +0 mace (weapon)
Armour
 b - a +0 animal skin (worn)


   Skills:
 + Level 3.3 Fighting
 * Level 3.1 Maces & Flails
 * Level 2.3 Armour
 + Level 1.6 Dodging


You couldn't memorise any spells.
You didn't know any spells.
Your spell library was empty.

Dungeon Overview and Level Annotations

Branches:
Dungeon (1/15)

Altars:


Innate Abilities, Weirdness & Mutations

You are immune to sickness and miasma.
Your stone body is resilient. (AC +2)
You are immune to poison.
You resist negative energy. (rN+)
You are resistant to electric shocks. (rElec)
You are resistant to unholy torment.
You are immune to petrification.


Message History

Found 8 gold pieces.
Found a scroll labelled SEABE POAF.
A dart slug comes into view.
You see here 8 gold pieces.
You now have 8 gold pieces.
Found a stone staircase leading down.
The dart slug launches a dart at you. The slug dart misses you.
Found a falchion.
A quokka and a giant cockroach come into view.
The dart slug bites you but does no damage.
You sock the dart slug!
The dart slug is almost dead.
The dart slug launches a dart at you. The slug dart hits you.
The giant cockroach waves its antennae.
You thump the dart slug!
You kill the dart slug!
Trog accepts your kill.
The giant cockroach bites you but does no damage. x2
You hit the giant cockroach but do no damage.
The giant cockroach barely misses you. The quokka bites you.
You barely miss the giant cockroach. The giant cockroach bites you.
The quokka bites you.
* * * LOW HITPOINT WARNING * * *
The giant cockroach bites you but does no damage.
The quokka closely misses you.
You sock the giant cockroach!
You kill the giant cockroach!
Trog accepts your kill.
The quokka bites you but does no damage.
You hit the quokka but do no damage. The quokka bites you.
* * * LOW HITPOINT WARNING * * *
The quokka bites you but does no damage.
You barely miss the quokka.
The quokka bites you but does no damage.
You completely miss the quokka. The quokka misses you.
The quokka barely misses you.
You barely miss the quokka. The quokka bites you.
You die...

.)# #.## ###### ...#
#..'<+ #..# #.##### #..#
# ##.###.#####.>#.#
#..........#..#.#
#...#..........†.###.#
................@.......
..#...#.#.......†r......
..##.##.#####.###.######
. #. #.# #.# .# #. #.#
#.# .# .. ?.. ..# .# ..#
.# .#


You could see a quokka.

Vanquished Creatures
  A dart slug (D:1)
  A giant cockroach (D:1)
2 creatures vanquished.

Notes
Turn   | Place    | Note
-------+----------+-------------------------------------------
     0 | D:1      | KittyFluff the Gargoyle Berserker began the quest for the
                  | Orb.
     0 | D:1      | Reached XP level 1. HP: 14/14 MP: 1/1
    28 | D:1      | Slain by a quokka

Illustrated notes

Levels and vault maps discovered:
D:1:      dpeg_arrival_tiny_b, layout_loops_ring, minmay_pentomino_s4

Action                     || total
---------------------------++-------
  Melee: Mace              ||     9
 Armour: Animal skin       ||     7
  Dodge: Dodged            ||     5
